 Dungeon Crawl Stone Soup version 0.31-a0-237-g2d982f9f85 (webtiles) character file.

Game seed: 15870924294873689432

31084 Demosthentine the Fighter (level 13, -8/95 HPs)
             Began as a Demonspawn Gladiator on July 11, 2023.
             Was a Priest of Hepliaklqana.
             Mangled by a manticore (17 damage)
             ... on level 15 of the Dungeon.
             The game lasted 00:19:58 (13493 turns).

Demosthentine the Fighter (Demonspawn Gladiator)   Turns: 13493, Time: 00:19:58

Health: -8/95      AC: 19    Str: 23    XL:     13   Next: 24%
Magic:  0/19       EV: 19    Int: 13    God:    Hepliaklqana [***...]
Gold:   1019       SH:  6    Dex: 20    Spells: 12/12 levels left

rFire   . . .        v - +8 spear of Corpus Delicti {protect, *Noise rPois Dex+3}
rCold   + + .        m - +0 buckler
rNeg    . . .        J - +0 troll leather armour
rPois   +            h - +2 hat
rElec   .            B - +0 cloak
rCorr   .            (no gloves)
SInv    .            d - +0 pair of boots of the Sun {rC+ Int+3}
Will    .....        z - amulet of guardian spirit
Stlth   +            t - ring of protection from cold
HPRegen 1.15/turn    x - +6 ring of strength
MPRegen 0.16/turn

%: guardian spirit
@: under a protective aura
A: reduced essence, antennae 1, yellow scales 1, foul stench 2, demonic magic 2
a: Renounce Religion, Recall Ancestor, Ancestor Identity, Transference


You were on level 15 of the Dungeon.
You worshipped Hepliaklqana.
Hepliaklqana was most pleased with you.
You visited 2 branches of the dungeon, and saw 15 of its levels.

You collected 1019 gold pieces.

Inventory:

Hand Weapons
 v - the +8 spear of Corpus Delicti (weapon) {protect, *Noise rPois Dex+3}
   (You found it on level 7 of the Dungeon)

   Dex:       It affects your dexterity (+3).
   rPois:     It protects you from poison.
   *Noise:    It may make noises in combat.
Missiles
 e - 11 javelins
Armour
 d - the +0 pair of boots of the Sun (worn) {rC+ Int+3}
   (You acquired it on level 9 of the Dungeon)

   Int:       It affects your intelligence (+3).
   rC:        It protects you from cold.
 h - a +2 hat (worn)
 m - a +0 buckler (worn)
 B - a +0 cloak (worn)
 J - a +0 troll leather armour (worn)
Jewellery
 g - a +6 ring of intelligence
 t - a ring of protection from cold (left hand)
 x - a +6 ring of strength (right hand)
 z - an amulet of guardian spirit (around neck)
Wands
 b - a wand of polymorph (10)
 j - a wand of mindburst (10)
 o - a wand of flame (55)
 u - a wand of iceblast (10)
 C - a wand of light (26)
 D - a wand of paralysis (9)
Scrolls
 f - 6 scrolls of teleportation
 p - 5 scrolls of fog
 r - 3 scrolls of revelation
 y - 2 scrolls of amnesia
 A - 3 scrolls of blinking {unknown}
 E - 2 scrolls of enchant armour
 F - a scroll of enchant weapon
 G - 2 scrolls of silence
 I - a scroll of poison
Potions
 a - 2 potions of might
 c - 2 potions of haste
 i - 4 potions of curing
 k - 2 potions of enlightenment
 n - 10 potions of ambrosia
 q - 3 potions of brilliance
 s - 2 potions of mutation
 w - a potion of magic


   Skills:
 + Level 11.4 Fighting
 + Level 10.7 Polearms
 - Level 1.7 Throwing
 + Level 8.4 Armour
 + Level 10.7 Dodging
 - Level 4.8 Shields
 - Level 8.1 Invocations


You had 12 spell levels left.
You didn't know any spells.
Your spell library contained the following spells:

 Spells                   Type           Power      Damage    Failure   Level
 Apportation              Tloc           0%         N/A       38%         1
 Beastly Appendage        Tmut           0%         N/A       38%         1
 Freeze                   Ice            0%         1d3       38%         1
 Slow                     Hex            0%         N/A       38%         1
 Ensorcelled Hibernation  Hex/Ice        0%         N/A       54%         2
 Passwall                 Tmut/Erth      0%         N/A       54%         2
 Poisonous Vapours        Pois/Air       0%         N/A       54%         2
 Wereblood                Tmut           0%         N/A       54%         2
 Confusing Touch          Hex            0%         N/A       77%         3
 Frozen Ramparts          Ice            0%         1d1       77%         3
 Hailstorm                Conj/Ice       0%         3d3       77%         3
 Inner Flame              Hex/Fire       0%         N/A       77%         3
 Mephitic Cloud           Conj/Pois/Air  0%         N/A       77%         3
 Spider Form              Tmut/Pois      0%         N/A       77%         3
 Swiftness                Air            0%         N/A       77%         3
 Tukima's Dance           Hex            0%         N/A       77%         3
 Vampiric Draining        Necr           0%         2d6       77%         3
 Manifold Assault         Tloc           0%         N/A       99%         4
 Passage of Golubria      Tloc           0%         N/A       99%         4
 Alistair's Intoxication  Tmut/Pois      0%         N/A       100%        5
 Freezing Cloud           Conj/Ice/Air   0%         6-21      100%        5
 Yara's Violent Unravell  Hex/Tmut       0%         3d3       100%        5
 Dispersal                Tloc           0%         N/A       100%        6
 Enfeeble                 Hex            0%         N/A       100%        7
 Disjunction              Tloc           0%         N/A       100%        8
 Chain Lightning          Conj/Air       0%         N/A       100%        9
 Fire Storm               Conj/Fire      0%         5d1       100%        9
 Shatter                  Erth           0%         3d5*      100%        9


Dungeon Overview and Level Annotations

Branches:
Dungeon (13/15)            Temple (1/1) D:5            Lair (0/5) D:10
    Orc (0/2) D:10
 Vaults: D:13-14

Altars:
Ashenzari
Cheibriados
Dithmenos
Fedhas
Gozag
Hepliaklqana
Kikubaaqudgha
Makhleb
Nemelex Xobeh
Okawaru
Qazlal
Ru
Sif Muna
Trog
Uskayaw
Vehumet
Wu Jian
Xom
Yredelemnul

Shops:
D:10 [


Innate Abilities, Weirdness & Mutations

Your life essence is reduced to manifest your ancestor. (-10% HP)
You have a pair of small antennae on your head.
You are partially covered in yellow scales. (AC +2)
You sometimes emit foul miasma when damaged in melee.
Spells you cast may paralyse nearby enemies.


Message History

Your weapon exudes an aura of protection.
The tengu warrior is almost dead.
The manticore misses you. The manticore closely misses you.
The manticore claws you. The warg bites you.
The tengu warrior hits you but does no damage.
The tengu warrior completely misses you.
You block the tengu warrior's attack.
You closely miss the tengu warrior.
The tengu warrior is almost dead.
The warg bites you but does no damage.
The manticore bites you but does no damage.
The manticore claws you but does no damage.
The manticore completely misses you. The tengu warrior barely misses you.
The tengu warrior completely misses you.
The tengu warrior claws you.
You miss the tengu warrior.
The tengu warrior is almost dead.
The warg completely misses you. The manticore bites you!
* * * LOW HITPOINT WARNING * * *
The manticore barely misses you.
The manticore claws you but does no damage.
The tengu warrior closely misses you. x2; The tengu warrior misses you.
You miss the tengu warrior.
The tengu warrior is almost dead.
You feel yourself speed up. The warg misses you. The orc closely misses you.
The manticore closely misses you. The manticore misses you. x2
The tengu warrior hits you with a +1 battleaxe!!
* * * LOW HITPOINT WARNING * * *
The tengu warrior pecks you but does no damage.
The tengu warrior claws you but does no damage.
Okay, then.
You closely miss the tengu warrior.
The tengu warrior is almost dead.
The warg completely misses you.
Unknown command.
You puncture the tengu warrior!
You kill the tengu warrior!
The manticore bites you!!
You die...

.#.# .#.#.# .# #
...#.#.# #.# #.
....#.#.#.#.#..
.....#.#.#.#...
########....#h#.#....
#...@o.......#.#.....
#.)ohH........#R..o..
#.............)).hOo.
#................#.##
..................#o#
..######.......#...+.##
... #.......##+##.(. ..
#...............
#...............


You could see a manticore, a warg and 2 orcs.

Vanquished Creatures
  A yaktaur captain (D:15)
  Snorg (D:10)
  3 centaur warriors
  3 two-headed ogres
  A boulder beetle (D:11)
  Urug (D:11)
  2 tengu warriors
  Pikel (D:8)
  The ghost of knightboat the Tainter, a novice NaVM (D:6)
  2 orc knights
  A deep elf pyromancer (D:15)
  2 ugly things
  3 orc sorcerers (D:13)
  Maurice (D:8)
  2 cyclopes
  A rust devil (D:8)
  Psyche (D:9)
  A freezing wraith (D:15)
  2 spectral unseen horrors (D:6)
  A yaktaur (D:15)
  3 meliai (D:12)
  5 trolls
  A queen bee (D:12)
  A hornet (D:11)
  2 slime creatures (D:10)
  A wyvern (D:9)
  3 wraiths
  A shadow (D:12)
  18 yaks
  3 steam dragons
  2 basilisks (D:15)
  The ghost of arthad the Slasher, an amateur GnWn (D:4)
  3 vampire mosquitoes
  2 water moccasins
  A swamp drake (D:10)
  9 orc warriors
  4 ogres
  2 sky beasts
  8 centaurs
  A lemure (D:8)
  A kobold brigand (D:4)
  A bullfrog (D:6)
  A scorpion (D:7)
  5 wights
  18 killer bees (D:12)
  2 vampire bats (D:3)
  3 howler monkeys
  3 hounds
  11 orc priests
  A sleepcap (D:7)
  3 gnoll boudas
  A jelly (D:6)
  2 hexers (D:11)
  3 iguanas
  21 orc wizards
  A howler monkey zombie (D:6)
  17 gnolls
  7 adders
  3 shadow imps
  2 white imps
  3 ufetubi
  3 worms
  3 dart slugs
  67 orcs
  7 ball pythons
  3 bat skeletons (D:3)
  A bat zombie (D:3)
  6 endoplasms
  4 giant cockroaches
  6 hobgoblins
  14 jackals
  3 quokkas
  2 bats (D:1)
  7 goblins
  15 kobolds
  6 rats
358 creatures vanquished.

Vanquished Creatures (collateral kills)
  An ogre mage (D:15)
  A boulder beetle (D:12)
  A deep troll earth mage (D:15)
  An oklob plant (D:10)
  A cyclops (D:15)
  A rust devil (D:8)
  A gargoyle (D:10)
  A tengu conjurer (D:15)
  A komodo dragon (D:11)
  A troll (D:12)
  2 slime creatures
  A shadow (D:12)
  2 yaks
  2 vampire mosquitoes
  An acid dragon (D:12)
  2 orc warriors (D:10)
  A centaur (D:15)
  A lemure (D:8)
  A wight (D:7)
  4 killer bees (D:12)
  An electric eel (D:9)
  2 orc priests (D:10)
  7 orc wizards
  12 orcs
49 creatures vanquished.

Vanquished Creatures (others)
  An unseen horror (D:13)
  An orc warrior (D:13)
  9 hexers
  4 ancestors
  A gnoll (D:7)
16 creatures vanquished.

Grand Total: 423 creatures vanquished

Notes
Turn   | Place    | Note
-------+----------+-------------------------------------------
     0 | D:1      | Demosthentine the Demonspawn Gladiator began the quest for
                  | the Orb.
     0 | D:1      | Reached XP level 1. HP: 16/16 MP: 1/1
    46 | D:1      | Gained mutation: You may rarely emit foul miasma when
                  | damaged in melee. [demonic ancestry]
    46 | D:1      | Reached XP level 2. HP: 22/22 MP: 2/2
   342 | D:1      | Reached skill level 1 in Armour
   549 | D:1      | Reached XP level 3. HP: 23/28 MP: 3/3
  1202 | D:2      | Reached XP level 4. HP: 34/34 MP: 4/4
  1410 | D:2      | Reached skill level 3 in Fighting
  1580 | D:2      | Identified the +0 robe of Disaster {Harm *Corrode Str+2}
  1868 | D:3      | Found a radiant altar of Vehumet.
  1957 | D:3      | Found an ancient bone altar of Kikubaaqudgha.
  1967 | D:3      | Reached XP level 5. HP: 40/41 MP: 5/5
  2321 | D:3      | Gained mutation: You are partially covered in yellow
                  | scales. (AC +2) [demonic ancestry]
  2321 | D:3      | Reached XP level 6. HP: 47/47 MP: 6/6
  2598 | D:3      | Noticed an angel
  3257 | D:4      | Found a runed translucent gate.
  3257 | D:4      | Found a runed translucent gate.
  3257 | D:4      | Noticed arthad's ghost (amateur GnWn)
  3258 | D:4      | Found a runed translucent gate.
  3345 | D:4      | Reached skill level 4 in Fighting
  3345 | D:4      | Reached skill level 1 in Shields
  3541 | D:4      | Reached XP level 7. HP: 54/54 MP: 7/7
  3846 | D:4      | Killed arthad's ghost
  4076 | D:5      | Entered Level 5 of the Dungeon
  4761 | D:5      | Found a bloodstained altar of Trog.
  4770 | D:5      | Found a snail-covered altar of Cheibriados.
  4921 | D:5      | Gained mutation: You sometimes emit foul miasma when
                  | damaged in melee. [demonic ancestry]
  4921 | D:5      | Reached XP level 8. HP: 22/61 MP: 8/8
  5166 | D:5      | Found a staircase to the Ecumenical Temple.
  5367 | D:5      | Found a basalt altar of Yredelemnul.
  5378 | Temple   | Entered the Ecumenical Temple
  5431 | Temple   | Became a worshipper of Hepliaklqana the Forgotten
  5627 | D:6      | Reached skill level 5 in Fighting
  5627 | D:6      | Reached skill level 5 in Dodging
  5878 | D:6      | Reached skill level 5 in Polearms
  6310 | D:6      | Found a runed translucent gate.
  6312 | D:6      | Found a runed translucent gate.
  6312 | D:6      | Noticed a spectral unseen horror
  6314 | D:6      | Found a runed translucent gate.
  6316 | D:6      | Noticed a spectral unseen horror
  6316 | D:6      | Noticed knightboat's ghost (novice NaVM)
  6587 | D:6      | Killed a spectral unseen horror
  6597 | D:6      | Killed a spectral unseen horror
  6598 | D:6      | Gained mutation: Spells you cast may paralyse adjacent
                  | enemies. [demonic ancestry]
  6598 | D:6      | Reached XP level 9. HP: 56/69 MP: 9/9
  6605 | D:6      | Killed knightboat's ghost
  6606 | D:6      | Reached skill level 6 in Fighting
  6606 | D:6      | Reached skill level 5 in Armour
  6718 | D:7      | Identified the +8 spear of Corpus Delicti {protect, *Noise
                  | rPois Dex+3}
  7121 | D:7      | Reached * piety under Hepliaklqana
  7426 | D:7      | Found a stormy altar of Qazlal.
  7587 | D:8      | Reached skill level 1 in Invocations
  7596 | D:8      | Noticed Maurice
  7649 | D:8      | Reached skill level 7 in Fighting
  7649 | D:8      | Reached XP level 10. HP: 49/71 MP: 8/11
  7660 | D:8      | Killed Maurice
  7676 | D:8      | Noticed Pikel
  7688 | D:8      | Killed Pikel
  7924 | D:7      | Noticed a rust devil
  7924 | D:7      | Noticed a rust devil
  8289 | D:9      | Identified the staff of Purpose {rPois Dex+2 Conj}
  8294 | D:9      | Identified the +0 leather armour "Veil" {Will+}
  8353 | D:9      | Noticed a two-headed ogre
  8370 | D:9      | Killed a two-headed ogre
  8371 | D:9      | Reached skill level 8 in Fighting
  8371 | D:9      | Reached skill level 5 in Invocations
  8569 | D:9      | Identified the +1 robe of the Iron Devil {MP+9 Dex+3}
  8630 | D:9      | Noticed Psyche
  8638 | D:9      | Killed Psyche
  8668 | D:9      | Gained mutation: You have a pair of small antennae on your
                  | head. [demonic ancestry]
  8668 | D:9      | Reached XP level 11. HP: 56/78 MP: 12/15
  8799 | D:9      | Reached ** piety under Hepliaklqana
  8800 | D:9      | Remembered your ancestor Publius as a hexer
  9019 | D:9      | Identified a scroll of acquirement
  9019 | D:9      | Acquired the +0 pair of boots of the Sun {rC+ Int+3}
  9453 | D:10     | Entered Level 10 of the Dungeon
  9706 | D:10     | Found a staircase to the Orcish Mines.
  9927 | D:10     | Noticed Snorg
  9938 | D:10     | Killed Snorg
 10152 | D:10     | Found Ipano's Armour Boutique.
 10153 | D:10     | Found a burning altar of Makhleb.
 10288 | D:10     | Found a shimmering blue altar of Sif Muna.
 10335 | D:10     | Found a staircase to the Lair.
 10343 | D:10     | Reached skill level 9 in Fighting
 10399 | D:10     | Noticed an oklob plant
 10790 | D:10     | Killed an oklob plant
 11076 | D:11     | Noticed a red ugly thing
 11094 | D:11     | Killed a red ugly thing
 11282 | D:11     | Noticed Urug
 11310 | D:11     | Killed Urug
 11340 | D:11     | Noticed a boulder beetle
 11447 | D:11     | Killed a boulder beetle
 11448 | D:11     | Reached XP level 12. HP: 87/87 MP: 16/18
 11493 | D:11     | Identified the +0 scale mail of the Shoals {rCorr Int+2}
 11544 | D:11     | Reached skill level 10 in Fighting
 11957 | D:12     | Noticed a two-headed ogre
 11965 | D:12     | Killed a two-headed ogre
 12033 | D:12     | Reached *** piety under Hepliaklqana
 12388 | D:12     | Noticed a boulder beetle
 12430 | D:12     | Killed a boulder beetle
 12615 | D:12     | Reached skill level 10 in Dodging
 12746 | D:13     | Noticed a centaur warrior
 12764 | D:13     | Reached skill level 10 in Polearms
 12783 | D:13     | Killed a centaur warrior
 12882 | D:13     | Noticed a centaur warrior
 12941 | D:13     | Noticed a tengu warrior
 13015 | D:13     | Killed a tengu warrior
 13016 | D:13     | Reached skill level 11 in Fighting
 13018 | D:13     | Killed a centaur warrior
 13140 | D:13     | You fall into a shaft and drop 2 floors!
 13140 | D:15     | Entered Level 15 of the Dungeon
 13233 | D:15     | Noticed a centaur warrior
 13240 | D:15     | Killed a centaur warrior
 13241 | D:15     | Gained mutation: Spells you cast may paralyse nearby
                  | enemies. [demonic ancestry]
 13241 | D:15     | Reached XP level 13. HP: 88/95 MP: 16/19
 13334 | D:15     | HP: 4/95 [deep troll earth mage (13)]
 13493 | D:15     | Mangled by a manticore

Illustrated notes

Levels and vault maps discovered:
D:1:      dpeg_arrival_stonehenge_8_columns, layout_loops_ring,
          minmay_liquid_box, item_on_display_a
D:2:      layout_basic
D:3:      layout_loops_ring, general_overflow_altar, kennysheep_vampire_church,
          zin_angel
D:4:      layout_loops_corners, gammafunk_ghost_nasty_kobolds, serial_aquarium,
          aquarium_bridge_square [aquarium_subvault_wall,
          aquarium_subvault_bridge, aquarium_subvault_bridge,
          aquarium_subvault_bridge], aquarium_window_fake, aquarium_window_fake,
          aquarium_window_1, aquarium_window_corner, aquarium_view_2d,
          aquarium_view_2d, aquarium_balcony_double_1, aquarium_pool_1
D:5:      layout_loops_ring, lemuel_tele_altar, mainiacjoe_overflow_swirl,
          minmay_temple_entry_offerings, amcnicky_mini_rare_corridor_liquid
D:6:      minmay_flawed_box, layout_cave_pools, gammafunk_ghost_necromancy
D:7:      cheibrodos_iron_armory, layout_gridville,
          mainiacjoe_overflow_alcove_2, kennysheep_doodads,
          kennysheep_generic_room_8
D:8:      layout_rooms, uniq_maurice, uniq_pikel
D:9:      layout_rooms, tso_oasis_becter, serial_bayou_lagoon_a, uniq_psyche
D:10:     layout_irregular_city, mainiacjoe_overflow_catch_the_wave,
          dpeg_oklobed_lair, erik_orc_1, serial_shops, shop, dk_noncrumbling_2,
          uniq_snorg
D:11:     layout_roguey, uniq_urug
D:12:     layout_roguey [special_room_bee]
D:13:     layout_cave_pools
D:15:     grunt_enter_depths_snipers, layout_irregular_city, nicolae_the_louvre,
          grunt_decor_mini_mirrors, wad_dig_loot
Temple:   minmay_temple_bridge_abc

Skill      XL: |  1  2  3  4  5  6  7  8  9 10 11 12 |
---------------+-------------------------------------+-----
Polearms       | 3 4 5 6 7 9 10 | 10.7
Dodging        | 3 4 5 6 7 9 10 | 10.7
Armour         | 1 2 3 4 5 6 8 |  8.4
Fighting       | 3 4 5 7 8 9 11 | 11.4
Shields        | 1 2 3 4 |  4.8
Invocations    | 2 6 8 |  8.1
Throwing       | |  1.7

Action                     |  1- 3 |  4- 6 |  7- 9 | 10-12 | 13-15 || total
---------------------------+-------+-------+-------+-------+-------++-------
  Melee: Trident           |   132 |   229 |   301 |       |       ||   662
         Punch             |     1 |     1 |     5 |       |       ||     7
         Spear             |       |       |   169 |   960 |    94 ||  1223
         Unarmed           |       |       |       |     8 |       ||     8
  Throw: Throwing net      |       |     1 |     2 |     1 |       ||     4
 Invoke: Ancestor Life: He |       |       |       |     1 |       ||     1
         Recall Ancestor   |       |       |       |       |     1 ||     1
    Use: Scroll            |     1 |     3 |     8 |     9 |     1 ||    22
         Potion            |     1 |       |     3 |     3 |     2 ||     9
   Stab: Sleeping          |       |     2 |     1 |       |       ||     3
         Held in net/web   |       |       |     1 |     5 |       ||     6
         Confused          |       |       |       |    20 |       ||    20
         Distracted        |       |       |       |     5 |     1 ||     6
 Armour: Leather armour    |    54 |    72 |   168 |    61 |       ||   355
         Troll leather arm |       |       |       |   132 |    50 ||   182
  Dodge: Dodged            |   110 |   125 |   288 |   428 |   116 ||  1067
  Block: Buckler           |       |       |     4 |   158 |    42 ||   204

Table legend: (Time is in decaauts)
 A = Elapsed time spent in this place.
 B = Non-inter-level travel time spent in this place.
 C = Inter-level travel time spent in this place.
 D = Time resting spent in this place.
 E = Time spent auto-exploring this place.
 F = Levels seen in this place.
 G = Mean time per level.
                   A        B        C        D        E       F      G
               +--------+--------+--------+--------+--------+-----+--------+
         Total |  13230 |  12862 |    368 |    289 |   9643 |  15 |  882.0 |
       Dungeon |  13020 |  12652 |    368 |    289 |   9469 |  14 |  930.0 |
        Temple |    209 |    209 |      0 |      0 |    174 |   1 |  209.0 |
               +--------+--------+--------+--------+--------+-----+--------+

Top non-repeatable levels by time:
     D:4: 1426 daAuts
    D:10: 1391 daAuts
     D:5: 1325 daAuts
     D:6: 1097 daAuts
    D:12: 1067 daAuts
     D:2: 1011 daAuts
     D:8: 982 daAuts
     D:7: 895 daAuts
     D:3: 894 daAuts
    D:11: 886 daAuts
     D:1: 811 daAuts
     D:9: 798 daAuts
    D:15: 318 daAuts
  Temple: 209 daAuts
    D:13: 112 daAuts
